 Dungeon Crawl Stone Soup version 0.29-a0-284-gf9362112df (webtiles) character file.

Game seed: 12217905701105940062

646 BigDaddyOpFi the Covert (level 7, -1/41 HPs)
             Began as an Octopode Monk on Mar 18, 2022.
             Was a Priest of Dithmenos.
             Slain by Edmund
             ... wielding a +1 flail of protection
              (7 damage)
             ... on level 5 of the Dungeon.
             The game lasted 00:05:48 (3983 turns).

BigDaddyOpFi the Covert (Octopode Monk)             Turns: 3983, Time: 00:05:48

Health: -1/41      AC:  1    Str:  8    XL:     7   Next: 52%
Magic:  0/7        EV: 15    Int: 13    God:    Dithmenos [***...]
Gold:   246        SH:  0    Dex: 16    Spells: 6/6 levels left

rFire   . . .      SeeInvis .   j - +2 dagger (drain)
rCold   . . .      Faith    .   (no shield)
rNeg    . . .      Spirit   +   (helmet restricted)
rPois   .          Reflect  .   h - amulet of guardian spirit
rElec   .          Harm     .   (no ring)
rCorr   .          Rampage  .   (no ring)
Will    .....                   (no ring)
Stlth   +++.......              (no ring)
HPRegen 0.13/turn               (no ring)
MPRegen 0.10/turn               (no ring)
                                (no ring)
                                (no ring)

@: confused, mighty, ambrosia-drunk, marked, wreathed by umbra, studying Ice
Magic
A: almost no armour, amphibious, 8 rings, camouflage 1, gelatinous body 1,
(nimble swimmer 1), tentacles, frail 1, weak 1, wild magic 1
a: Renounce Religion, Shadow Step


You were on level 5 of the Dungeon.
You worshipped Dithmenos.
Dithmenos was most pleased with you.
You visited 1 branch of the dungeon, and saw 5 of its levels.

You collected 246 gold pieces.

Inventory:

Hand Weapons
 a - a +0 short sword
 j - a +2 dagger of draining (weapon)
 n - a +0 dagger
Jewellery
 h - an amulet of guardian spirit (around mantle)
Wands
 i - a wand of paralysis (19)
Scrolls
 l - 2 scrolls of identify
 p - a scroll of silence
Potions
 b - a potion of ambrosia
 c - a potion of haste
 d - a potion of might
 e - a potion of mutation
 f - a potion of brilliance {unknown}
 g - a potion of flight {unknown}
 m - a potion of cancellation {unknown}
 o - a potion of heal wounds {unknown}


   Skills:
 - Level 3.0 Fighting
 + Level 4.9 Short Blades
 + Level 4.9 Dodging
 * Level 8.5 Stealth


You had 6 spell levels left.
You didn't know any spells.
Your spell library was empty.

Dungeon Overview and Level Annotations

Branches:
Dungeon (5/15)
 Temple: D:4-7

Altars:
Dithmenos
Okawaru
Xom

Annotations:
D:5 Edmund


Innate Abilities, Weirdness & Mutations

You cannot wear most types of armour.
You are amphibious.
You can wear up to eight rings at the same time.
Your skin changes colour to match your surroundings (Stealth+).
Your rubbery body absorbs attacks. (AC +1, EV +1)
((You are camouflaged when in or above water. (Stealth+)))
You have tentacles for arms and can constrict up to eight enemies at once.
You are frail. (-10% HP)
You are weak. (Str -2)
Your spells are a little harder to cast, but a little more powerful.


Message History

The centaur shoots an arrow.
The arrow barely misses you.
The centaur shoots an arrow.
The arrow hits you!
The centaur shoots an arrow.
The arrow hits you.
Edmund the Younger comes into view.
He is wielding a +1 flail of protection.
You are too injured to fight recklessly!
You are too injured to fight recklessly!
Okay, then.
It was a potion of might.
You feel very mighty all of a sudden.
The centaur shoots an arrow.
The arrow hits you!
* * * LOW HITPOINT WARNING * * *
A shadow imp comes into view.
The centaur unwields a +0 shortbow.
The centaur hits you.
* * * LOW HITPOINT WARNING * * *
The centaur kicks you.
* * * LOW HITPOINT WARNING * * *
The centaur misses you. x2
Edmund grinds his teeth, and then sighs.
You hit the centaur. You drain the centaur.
The centaur is heavily wounded.
The centaur misses you. The centaur kicks you.
* * * LOW HITPOINT WARNING * * *
You puncture the centaur! Your squeeze misses the centaur.
The centaur is almost dead.
The centaur misses you. The centaur kicks you.
* * * LOW HITPOINT WARNING * * *
Okay, then.
It was a potion of mutation.
You feel extremely strange.
You feel weaker.
You feel less in control of your magic.
You feel frail.
A howler monkey comes into view.
The centaur hits you.
* * * LOW HITPOINT WARNING * * *
The centaur barely misses you. Edmund closely misses you.
A gnoll comes into view. It is wielding a +0 halberd.
Okay, then.
Okay, then.
You are confused.
You feel invigorated. The centaur closely misses you. x2
Edmund hits you with a +1 flail of protection!
You die...

. .. .#. ..# .
#.. ..# . ###.#
g.#.# ...# ..#.#
#..# ..5.# #..#
....#
#..#####@..#
#.h....@c#
.#######<########
.........#
##########


You could see Edmund, a centaur (drained), a howler monkey, a gnoll and a shadow
imp.

Vanquished Creatures
  Grinder (D:3)
  A phantom (D:4)
  A bullfrog (D:3)
  A gnoll shaman (D:4)
  Ijyb (D:3)
  An iguana (D:2)
  Natasha (thrice) (D:3)
  3 gnolls (D:4)
  6 adders
  2 worms
  3 dart slugs
  7 endoplasms
  4 giant cockroaches
  10 goblins
  6 hobgoblins
  2 quokkas
  10 ball pythons
  7 bats
  4 frilled lizards
  4 kobolds
  5 rats
  A bush (D:2)
83 creatures vanquished.

Vanquished Creatures (others)
  2 orcs (D:3)
  A hobgoblin (D:3)
  A quokka (D:3)
  A rat (D:3)
5 creatures vanquished.

Grand Total: 88 creatures vanquished

Notes
Turn   | Place    | Note
-------+----------+-------------------------------------------
     0 | D:1      | BigDaddyOpFi the Octopode Monk began the quest for the Orb.
     0 | D:1      | Reached XP level 1. HP: 16/16 MP: 1/1
   138 | D:1      | Reached skill level 3 in Stealth
   167 | D:1      | Reached XP level 2. HP: 17/21 MP: 2/2
   475 | D:1      | Reached XP level 3. HP: 26/26 MP: 3/3
   477 | D:1      | Reached skill level 4 in Stealth
   743 | D:2      | Found a shadowy altar of Dithmenos.
   756 | D:2      | Became a worshipper of Dithmenos the Shadowed
   756 | D:2      | Reached * piety under Dithmenos
   756 | D:2      | Reached ** piety under Dithmenos
  1021 | D:2      | Reached XP level 4. HP: 31/31 MP: 4/4
  1165 | D:2      | Reached skill level 5 in Stealth
  1814 | D:3      | Noticed Grinder
  1830 | D:3      | Killed Grinder
  1831 | D:3      | Reached skill level 6 in Stealth
  1831 | D:3      | Reached XP level 5. HP: 16/36 MP: 1/5
  1831 | D:3      | Reached XP level 6. HP: 19/42 MP: 1/6
  2024 | D:3      | Reached skill level 7 in Stealth
  2103 | D:3      | Noticed Natasha
  2106 | D:3      | Found a faded altar of an unknown god.
  2112 | D:3      | Killed Natasha
  2320 | D:3      | Noticed Ijyb
  2335 | D:3      | Killed Ijyb
  2498 | D:3      | Found a shimmering altar of Xom.
  2511 | D:3      | Reached XP level 7. HP: 45/46 MP: 7/7
  2609 | D:3      | Noticed Natasha
  2619 | D:3      | Killed Natasha
  2782 | D:3      | Noticed Natasha
  2794 | D:3      | Killed Natasha
  2988 | D:4      | Found a shadowy altar of Dithmenos.
  3123 | D:4      | Reached *** piety under Dithmenos
  3239 | D:4      | Reached skill level 8 in Stealth
  3564 | D:4      | Found an iron altar of Okawaru.
  3964 | D:5      | Entered Level 5 of the Dungeon
  3977 | D:5      | Noticed Edmund
  3982 | D:5      | Gained mutation: You are weak. (Str -2) [potion of
                  | mutation]
  3982 | D:5      | Gained mutation: Your spells are a little harder to cast,
                  | but a little more powerful. [potion of mutation]
  3982 | D:5      | Gained mutation: You are frail. (-10% HP) [potion of
                  | mutation]
  3982 | D:5      | HP: 2/41 [centaur (2)]
  3983 | D:5      | Slain by Edmund

Illustrated notes

Levels and vault maps discovered:
D:1:      matt_arrival_grand_opening, layout_loops_ring, minmay_tetromino_o2
D:2:      layout_basic, basic_altar, serial_forest, infiniplex_forest_end_2,
          infiniplex_forest_3_way, infiniplex_forest_lined_room_2,
          infiniplex_forest_end_3, infiniplex_forest_corner_2,
          infiniplex_forest_lined_1, infiniplex_forest_zigzag_1
D:3:      layout_basic, xom_confusion_cloud, chequers_ecumenical_altar_simple,
          uniq_grinder, uniq_ijyb, uniq_natasha
D:4:      layout_gridville, mainiacjoe_overflow_cross_hatched,
          kennysheep_flooded_box, lemuel_old_faithful
D:5:      layout_loops_cross, fiery_altar_vehumet,
          mainiacjoe_overflow_boulevard, serial_shops,
          nicolae_shop_hallway_stairs, minmay_shop_enchanted_jewellery,
          uniq_edmund

Skill      XL: |  1  2  3  4  5  6  7 |
---------------+----------------------+-----
Stealth        | 3 4 6 7 8 |  8.5
Short Blades   | 4 |  4.9
Dodging        | 4 |  4.9
Fighting       | |  3.0

Action                   |  1- 3 |  4- 6 |  7- 9 || total
-------------------------+-------+-------+-------++-------
Melee: Short sword       |    54 |       |       ||    54
       Punch             |     4 |     2 |     1 ||     7
       Constrict         |    15 |    12 |    11 ||    38
       Tentacles         |    11 |    26 |    15 ||    52
       Dagger            |     5 |   104 |    68 ||   177
  Use: Scroll            |       |     6 |     3 ||     9
       Potion            |       |     1 |     3 ||     4
 Stab: Sleeping          |     9 |     6 |     3 ||    18
       Distracted        |       |     1 |       ||     1
Armor: Skin              |     4 |     3 |     2 ||     9
Dodge: Dodged            |    34 |    48 |    45 ||   127

Table legend: (Time is in decaauts)
 A = Elapsed time spent in this place.
 B = Non-inter-level travel time spent in this place.
 C = Inter-level travel time spent in this place.
 D = Time resting spent in this place.
 E = Time spent auto-exploring this place.
 F = Levels seen in this place.
 G = Mean time per level.
                   A        B        C        D        E       F      G
               +--------+--------+--------+--------+--------+-----+--------+
         Total |   3926 |   3804 |    122 |    207 |   2977 |   5 |  785.2 |
       Dungeon |   3926 |   3804 |    122 |    207 |   2977 |   5 |  785.2 |
               +--------+--------+--------+--------+--------+-----+--------+

Top non-repeatable levels by time:
     D:3: 1091 daAuts
     D:2: 1058 daAuts
     D:4: 1017 daAuts
     D:1: 741 daAuts
     D:5: 18 daAuts
